AoeStats
← Infadel

Arabia

506786433Analyzed
1v1 RM · 18d ago on Sep 15, 2026· 54m 11s· 2 players
Game mode
Random Map
Map size
Tiny (2 player)
Population
200
Speed
Normal
Resources
Standard
Victory
Conquest
Starting age
Dark Age
Ending age
Imperial Age
RankedLock teamsTeams togetherTeam positionsShared explorationLock speedFull tech treeHidden civsTurbo modeCheats
Victory
Defeat
🇮🇳 Spanish · India
1040
+18
🇵🇪 Mongols · Peru
1081
-18
Infadel
7:13 Loom
9:17 Feudal Age
7:38 Loom
10:51 Double-Bit Axe
16:04 Forging
17:38 Scale Barding Armor
21:26 Castle Age
20:20 Scale Mail Armor
21:14 Horse Collar
21:34 Pikeman
22:51 Iron Casting
22:31 Chain Mail Armor
23:06 Bow Saw
25:52 Wheelbarrow
25:58 Fletching
26:18 Gold Mining
26:18 Stone Mining
26:21 Town Watch
27:56 Thumb Ring
30:48 Bodkin Arrow
31:45 Hand Cart
31:05 Elite Skirmisher
32:50 Stone Shaft Mining
34:03 Heavy Plow
34:51 Ballistics
35:02 Padded Archer Armor
38:25 Imperial Age
37:58 Leather Archer Armor
40:53 Bracer
42:31 Chemistry
42:22 Supremacy
42:23 Conscription
44:40 Bombard Tower
46:00 Blast Furnace
45:30 Ring Archer Armor
46:25 Halberdier
47:21 Light Cavalry
48:12 Bloodlines
49:09 Scale Barding Armor
50:51 Hussar
53:32 Chain Barding Armor
55:13 Plate Barding Armor
Lobo Gélido
6:11 Loom
11:31 Feudal Age
17:50 Castle Age
17:31 Double-Bit Axe
17:31 Horse Collar
27:20 Fletching
27:53 Padded Archer Armor
28:46 Bodkin Arrow
30:19 Bow Saw
31:06 Leather Archer Armor
32:20 Scale Barding Armor
34:29 Heavy Plow
35:46 Bloodlines
35:37 Husbandry
40:57 Imperial Age
39:38 Wheelbarrow
40:09 Chain Barding Armor
41:08 Elite Mangudai
43:27 Chemistry
42:42 Bracer
44:04 Conscription
44:47 Forging
45:30 Ballistics
45:10 Heavy Camel Rider
46:27 Iron Casting
47:25 Light Cavalry
49:22 Hussar
51:59 Blast Furnace
Connection lost

Rejoining the realm…

Still unreachable

The connection could not be restored.

Session expired

The server has moved on; the page needs a fresh start.